 Dungeon Crawl Stone Soup version 0.29.1-4-g47bece8355 (webtiles) character file.

Game seed: 7470839880760423966

24 sanboga the Caller (level 2, -1/11 HPs)
             Began as a Felid Summoner on Dec 8, 2022.
             Slain by a quokka (4 damage)
             ... on level 1 of the Dungeon.
             The game lasted 00:02:44 (1333 turns).

sanboga the Caller (Felid Summoner)                 Turns: 1333, Time: 00:02:45

Health: -1/11      AC:  1    Str:  4    XL:     2   Next: 79%
Magic:  6/6        EV: 17    Int: 16    God:
Gold:   38         SH:  0    Dex: 16    Spells: 4/5 levels left
                                        Lives:  0   Deaths: 0

rFire   . . .      SeeInvis +   (weapon unavailable)
rCold   . . .      Faith    .   (shield unavailable)
rNeg    . . .      Spirit   .   (body armour unavailable)
rPois   .          Reflect  .   (helmet unavailable)
rElec   .          Harm     .   (cloak unavailable)
rCorr   .          Rampage  .   (gloves unavailable)
Will    .....                   (boots unavailable)
Stlth   ++........              (no amulet)
HPRegen 0.03/turn               (no ring)
MPRegen 0.10/turn               (no ring)

@: quick
A: very small, claws 1, fangs 3, see invisible, speed 1, shaggy fur 1, stealthy
paws, no weapons or thrown items, no armour, multi-lived
a: no special abilities


You were on level 1 of the Dungeon.
You visited 1 branch of the dungeon, and saw 1 of its levels.

You collected 38 gold pieces.

Inventory:

Scrolls
 b - a scroll of identify {unknown}
 c - a scroll of enchant weapon {unknown}
 d - a scroll of teleportation {unknown}
Potions
 a - a potion of magic
 e - a potion of brilliance {unknown}
 f - 2 potions of berserk rage {unknown}


   Skills:
 - Level 2.6 Dodging
 + Level 3.3 Stealth
 + Level 2.3 Spellcasting
 * Level 4.4 Summonings


You had 4 spell levels left.
You knew the following spells:

 Your Spells              Type           Power      Damage    Failure   Level
a - Summon Small Mammal   Summ           64%        N/A       3%          1

Your spell library contained the following spells:

 Spells                   Type           Power      Damage    Failure   Level
 Call Imp                 Summ           16%        N/A       4%          2
 Call Canine Familiar     Summ           16%        N/A       10%         3
 Sandblast                Erth           2%         2d4       21%         1
 Summon Guardian Golem    Hex/Summ       9%         N/A       24%         3
 Passwall                 Tmut/Erth      0%         N/A       30%         2
 Stone Arrow              Conj/Erth      2%         3d7       52%         3
 Summon Lightning Spire   Summ/Air       9%         N/A       63%         4


Dungeon Overview and Level Annotations

Branches:
Dungeon (1/15)

Altars:


Innate Abilities, Weirdness & Mutations

You have sharp claws.
You have razor-sharp teeth.
You have supernaturally acute eyesight. (SInv)
You cover ground quickly. (Speed+)
You are covered in fur. (AC +1)
Your paws help you pounce on unaware monsters.
You are incapable of wielding weapons or throwing items.
You cannot wear armour.
You gain extra lives every three experience levels.


Message History

Your bat hits the quokka but does no damage.
Your bat closely misses the quokka.
Your bat hits the quokka. The quokka bites you. x2
* * * LOW HITPOINT WARNING * * *
Your bat hits the quokka but does no damage.
The quokka misses you.
Your bat barely misses the quokka.
Your bat closely misses the quokka.
The quokka barely misses you.
Your bat hits the quokka but does no damage.
Your bat barely misses the quokka. x2
Your bat hits the quokka but does no damage.
Your bat barely misses the quokka.
Your bat misses the quokka.
Your bat completely misses the quokka.
Your bat misses the quokka.
Your bat hits the quokka but does no damage.
You miss the quokka.
The quokka is moderately wounded.
The quokka misses you.
You barely miss the quokka.
The quokka is moderately wounded.
Your bat hits the quokka but does no damage.
Your bat barely misses the quokka.
The quokka closely misses you. What are your orders? t - Meow!
Orders for allies: a - Attack new target. r - Retreat! s - Stop attacking. g - Guard the area. f - Follow me.
Anything else - Cancel.
Gang up on whom?
Press: ? - help, Dir - move target, f - quokka
Aim: a quokka (moderately wounded, ally target) Attack!
Your bat hits the quokka but does no damage.
Your bat closely misses the quokka.
The quokka misses you.
You scratch the quokka. You bite the quokka.
The quokka is severely wounded.
Your bat disappears in a puff of smoke!
Your bat hits the quokka but does no damage.
The quokka bites you.
You die...

#########.....##.#
#.#.#.# #........#
#.#.#.# #.....##.######
#.#.#.# #.....#.......#
#.#.#.# #.....#.......#
#.#..
##########.....#.......#
#.##.
...............#.......#
#..
...............#..§....#
###
...............#@rb....#
.##.######.....#........#
.##.# #.....#......†....
.##.# ##############....
.##.# #.... .##.# ....
.##.# .. .##.# ######
.##.# #....#


You could see a quokka (ally target) and a friendly bat (summoned).

Vanquished Creatures
  2 ball pythons (D:1)
  2 bats (D:1)
  3 endoplasms (D:1)
  A goblin (D:1)
  A kobold (D:1)
  A rat (D:1)
10 creatures vanquished.

Vanquished Creatures (collateral kills)
  A dart slug (D:1)
  An endoplasm (D:1)
  A goblin (D:1)
  2 hobgoblins (D:1)
  2 ball pythons (D:1)
  2 frilled lizards (D:1)
9 creatures vanquished.

Grand Total: 19 creatures vanquished

Notes
Turn   | Place    | Note
-------+----------+-------------------------------------------
     0 | D:1      | sanboga the Felid Summoner began the quest for the Orb.
     0 | D:1      | Reached XP level 1. HP: 7/7 MP: 4/4
   770 | D:1      | Reached XP level 2. HP: 11/11 MP: 3/6
  1225 | D:1      | Found a faded altar of an unknown god.
  1333 | D:1      | Slain by a quokka

Illustrated notes

Levels and vault maps discovered:
D:1:      minmay_arrival_radiant_lines, layout_basic,
          ebering_ecumenical_altar_hall, minmay_misc_feat_columns

Skill      XL: |  1 |
---------------+----+-----
Stealth        | 3 |  3.3
Dodging        | |  2.6
Spellcasting   | |  2.3
Summonings     | |  4.4

Action                   || total
-------------------------++-------
Melee: Unarmed           ||    50
       Bite              ||     4
 Cast: Summon Small Mamm ||    27
 Stab: Distracted        ||     3
       Sleeping          ||     1
Armor: Skin              ||     6
Dodge: Dodged            ||    71
